 Dungeon Crawl Stone Soup version 0.22-a0-580-gd5db89c (webtiles) character file.

466 varam the Bolt Thrower (level 7, -1/43 HPs)
             Began as a Kobold Hunter on July 2, 2018.
             Slain by a wight
             ... wielding a cursed +6 scimitar
              (9 damage)
             ... on level 4 of the Dungeon.
             The game lasted 00:13:08 (3926 turns).

varam the Bolt Thrower (Kobold Hunter)              Turns: 3926, Time: 00:13:09

Health: -1/43      AC:  5    Str:  9    XL:     7   Next: 30%
Magic:  7/7        EV: 15    Int: 13    God:
Gold:   172        SH:  4    Dex: 17    Spells: 6/6 levels left

rFire    . . .     SeeInvis .   x - +1 dagger (venom)
rCold    . . .     Gourm    .   p - +0 buckler
rNeg     . . .     Faith    .   c - +0 leather armour
rPois    .         Spirit   .   (no helmet)
rElec    .         Reflect  .   (no cloak)
rCorr    .         Harm     .   y - +0 pair of gloves
MR       .....                  B - +0 pair of boots
Stlth    ++........             (no amulet)
HPRegen  0.14/turn              (no ring)
MPRegen  0.10/turn              (no ring)

@: drained
A: small, carnivore
a: no special abilities


You were on level 4 of the Dungeon.
You were full.

You visited 1 branch of the dungeon, and saw 4 of its levels.

You collected 172 gold pieces.

Inventory:

Hand Weapons
 a - a +1 hand crossbow
 b - a +0 short sword
 j - a +0 hunting sling
 o - a cursed -1 whip
 x - a +1 dagger of venom (weapon)
Missiles
 d - 50 bolts
 g - 38 sling bullets
 m - 55 stones (quivered)
 u - 3 tomahawks of returning
Armour
 c - a +0 leather armour (worn)
 p - a +0 buckler (worn)
 y - a +0 pair of gloves (worn)
 B - a +0 pair of boots (worn)
Jewellery
 q - a +2 ring of evasion {unknown}
 w - an uncursed ring of protection from magic {unknown}
Scrolls
 f - a scroll of enchant weapon
 i - a scroll of identify {unknown}
 k - 2 scrolls of blinking {unknown}
 l - 2 scrolls of amnesia {unknown}
 n - a scroll of remove curse {unknown}
 r - 2 scrolls of teleportation {unknown}
Potions
 h - a potion of haste {unknown}
 s - 3 potions of curing {unknown}
 t - 3 potions of brilliance {unknown}
 v - a potion of degeneration {unknown}
 z - a potion of magic {unknown}
 A - a potion of cancellation {unknown}
 C - a potion of experience {unknown}
Comestibles
 e - 7 rations


   Skills:
 + Level 4.3(3.6) Fighting
 - Level 4.0(3.3) Short Blades
 + Level 6.0(5.3) Crossbows
 + Level 4.7(4.0) Dodging
 - Level 4.0(3.3) Stealth


You had 6 spell levels left.
You didn't know any spells.
Your spell library was empty.

Dungeon Overview and Level Annotations

Branches:
Dungeon (4/15)
 Temple: D:4-7

Altars:
Fedhas
Gozag
Vehumet

Annotations:
D:3 1 runed door, Hebeh's ghost, amateur MiFi
D:4 3 runed doors, ThereIsNoGod's ghost, amateur GnWn


Innate Abilities, Weirdness & Mutations

You are small and have problems with some larger weapons.
You are carnivorous and can eat meat at any time.


Message History

The wight is moderately damaged.
The wight hits you with an enchanted scimitar.
You hit the wight.
The wight is heavily damaged.
The wight hits you with an enchanted scimitar!
You feel drained.
You hit the wight but do no damage.
The wight is heavily damaged.
The wight hits you with an enchanted scimitar!
* * * LOW HITPOINT WARNING * * *
You hit the wight but do no damage.
The wight is heavily damaged.
You hit the wight but do no damage.
The wight is heavily damaged.
The wight hits you with an enchanted scimitar.
* * * LOW HITPOINT WARNING * * *
You hit the wight but do no damage.
The wight is heavily damaged.
The wight hits you with an enchanted scimitar!
You die...

........#### #....#
.........<## ##....#
...........# #.....##
...........## ##......##
............###.###....#
............#...#
##...##
................##
##...##
...........####..#
##...## ..........##
#.@## ##...##
..........# ##.z.#
##...## .........##
##....# #.....##
........## #.....#
#......### (......##
##.....## #........##
######## ##.......#
#.........# #........##
#.......... #.........#
#..........
#......#..####.........


You could see a wight.

Vanquished Creatures
  A phantom (D:4)
  A scorpion (D:4)
  A wight (D:3)
  A hound (D:4)
  2 orc wizards
  A centaur skeleton (D:4)
  A worker ant (D:4)
  5 adders
  A shadow imp (D:4)
  An ooze (D:1)
  4 worms
  3 dart slugs
  3 leopard geckos
  9 orcs
  A ball python (D:3)
  6 bats
  3 giant cockroaches
  3 goblins (D:1)
  5 hobgoblins
  6 quokkas
  3 frilled lizards
  6 kobolds
  6 rats
73 creatures vanquished.

Notes
Turn   | Place    | Note
-------+----------+-------------------------------------------
     0 | D:1      | varam the Kobold Hunter began the quest for the Orb.
     0 | D:1      | Reached XP level 1. HP: 12/12 MP: 1/1
    85 | D:1      | Reached skill level 1 in Short Blades
    85 | D:1      | Reached XP level 2. HP: 17/17 MP: 2/2
   342 | D:1      | Reached XP level 3. HP: 21/21 MP: 3/3
  1000 | D:2      | Found an opulent altar of Gozag.
  1039 | D:2      | Found a radiant altar of Vehumet.
  1322 | D:2      | Reached XP level 4. HP: 26/26 MP: 4/4
  1744 | D:3      | Reached XP level 5. HP: 8/31 MP: 5/5
  2111 | D:3      | Found a runed door.
  2116 | D:3      | Noticed Hebeh's ghost (amateur MiFi)
  2153 | D:3      | You fall through a shaft!
  2182 | D:4      | Reached skill level 5 in Crossbows
  2182 | D:4      | Reached XP level 6. HP: 27/37 MP: 6/6
  2518 | D:4      | Noticed a phantom
  2531 | D:4      | Killed a phantom
  2651 | D:4      | Found a blossoming altar of Fedhas.
  3029 | D:4      | Reached XP level 7. HP: 36/43 MP: 7/7
  3423 | D:4      | Found a runed gate.
  3423 | D:4      | Found a runed gate.
  3423 | D:4      | Found a runed gate.
  3593 | D:4      | Noticed ThereIsNoGod's ghost (amateur GnWn)
  3799 | D:3      | Reached skill level 6 in Crossbows
  3926 | D:4      | Slain by a wight

Vault maps used:
D:1:      eino_arrival_druids_welcome, serial_bayou_ford_a
D:2:      old_standard_altar, first_ration,
          nicolae_gozag_cash_rules_everything_around_me
D:3:      ebering_ghost_reflecting_pool
D:4:      marbit_many_paths, gammafunk_ghost_necromancy, minmay_misc_feat_room

Skill      XL: |  1  2  3  4  5  6  7 |
---------------+----------------------+-----
Short Blades   | 1 2 3 4 |  4.0
Stealth        | 2 3 4 |  4.0
Dodging        | 3 4 |  4.7
Fighting       | 3 4 |  4.3
Crossbows      | 5 6 |  6.0

Action                   |  1- 3 |  4- 6 |  7- 9 || total
-------------------------+-------+-------+-------++-------
Melee: Short sword       |    33 |     4 |       ||    37
       Dagger            |       |    24 |    31 ||    55
 Fire: Hand crossbow     |    21 |    62 |    19 ||   102
       Hunting sling     |    20 |    14 |     5 ||    39
Throw: Stone             |     4 |       |     2 ||     6
  Use: Scroll            |       |     1 |       ||     1
 Stab: Sleeping          |       |     2 |     1 ||     3
  Eat: Chunk             |     7 |     4 |     4 ||    15
Armor: Leather armour    |     5 |     5 |     2 ||    12
Dodge: Dodged            |    34 |    30 |    20 ||    84
Block: Buckler           |       |     9 |     6 ||    15

Table legend:
 A = Spawn XP
 B = Non-spawn XP
 C = Spawn XP percentage of total XP
 D = Spawn monster count
 E = Non-spawn monster count
 F = Spawn count percentage of total count
 G = Total turns spent on level
                    A         B        C        D         E        F      G
               +---------+---------+-------+---------+---------+-------+---------
         Total |       0 |     666 |   0.0 |       0 |      73 |   0.0 |  3926
               +---------+---------+-------+---------+---------+-------+---------
           D:1 |       0 |      41 |   0.0 |       0 |      21 |   0.0 |   768
           D:2 |       0 |      31 |   0.0 |       0 |      10 |   0.0 |   604
           D:3 |       0 |     175 |   0.0 |       0 |      19 |   0.0 |   785
           D:4 |       0 |     419 |   0.0 |       0 |      23 |   0.0 |  1769
               +---------+---------+-------+---------+---------+-------+---------
